 Dungeon Crawl Stone Soup version 0.24.0-41-g2ae2f7f1be (webtiles) character file.

Game seed: 11990976745206009252, levelgen mode: deterministic

56 FishyPogo the Magician (level 3, 0/26 HPs)
             Began as a Gnoll Wizard on Dec 14, 2019.
             Slain by an orc wizard
             ... wielding a +0 dagger
              (4 damage)
             ... on level 3 of the Dungeon.
             The game lasted 00:04:05 (1615 turns).

FishyPogo the Magician (Gnoll Wizard)               Turns: 1615, Time: 00:04:05

Health: 0/26       AC:  3    Str:  9    XL:     3   Next: 97%
Magic:  1/11       EV: 14    Int: 20    God:
Gold:   109        SH:  0    Dex: 14    Spells: 5/16 levels left

rFire    . . .     SeeInvis .   k - +3 mace
rCold    . . .     Gourm    .   (no shield)
rNeg     . . .     Faith    .   a - +0 robe
rPois    .         Spirit   .   b - +0 hat
rElec    .         Reflect  .   (no cloak)
rCorr    .         Harm     .   (no gloves)
MR       .....                  m - +0 pair of boots
Stlth    +.........             (no amulet)
HPRegen  0.08/turn              (no ring)
MPRegen  0.12/turn              (no ring)

@: confused, very slightly contaminated, hasted, very quick
A: distributed training, fangs 1, strong nose
a: no special abilities


You were on level 3 of the Dungeon.
You were not hungry.

You visited 1 branch of the dungeon, and saw 3 of its levels.

You collected 109 gold pieces.

Inventory:

Hand Weapons
 k - a +3 mace (weapon)
Missiles
 c - 158 stones (quivered)
Armour
 a - a +0 robe (worn)
 b - a +0 hat (worn)
 m - a +0 pair of boots (worn)
Scrolls
 e - a scroll of enchant armour {unknown}
 f - 5 scrolls of identify {unknown}
 g - 3 scrolls of magic mapping {unknown}
 j - a scroll of blinking {unknown}
 n - 3 scrolls of teleportation {unknown}
 p - a scroll of amnesia {unknown}
 q - a scroll of remove curse {unknown}
 r - a scroll of enchant weapon {unknown}
Potions
 h - a potion of degeneration {unknown}
 l - a potion of curing {unknown}
Comestibles
 d - 3 rations
 o - a chunk of flesh


   Skills:
 + Level 1.0 Fighting
 + Level 1.0 Short Blades
 + Level 1.0 Long Blades
 + Level 1.0 Axes
 + Level 1.0 Maces & Flails
 + Level 1.0 Polearms
 + Level 1.0 Staves
 + Level 1.0 Slings
 + Level 1.0 Bows
 + Level 1.0 Crossbows
 + Level 1.0 Throwing
 + Level 1.0 Armour
 + Level 4.6 Dodging
 + Level 4.2 Stealth
 + Level 1.0 Shields
 + Level 1.0 Unarmed Combat
 + Level 7.1 Spellcasting
 + Level 2.1 Conjurations
 + Level 0.7 Hexes
 + Level 0.7 Charms
 + Level 2.1 Summonings
 + Level 0.7 Necromancy
 + Level 2.1 Translocations
 + Level 0.7 Transmutations
 + Level 0.7 Fire Magic
 + Level 0.7 Ice Magic
 + Level 0.7 Air Magic
 + Level 0.7 Earth Magic
 + Level 0.7 Poison Magic
 + Level 1.0 Invocations
 + Level 1.0 Evocations


You had 5 spell levels left.
You knew the following spells:

 Your Spells              Type           Power        Failure   Level  Hunger
a - Magic Dart            Conj           ###.         3%          1    None
b - Slow                  Hex            ##......     11%         2    None
c - Mephitic Cloud        Conj/Pois/Air  ##......     17%         3    #......
j - Conjure Flame         Conj/Fire      ##......     16%         3    #......
p - Call Imp              Summ           ###.....     6%          2    None

Your spell library contained the following spells:

 Spells                   Type           Power        Failure   Level  Hunger
 Blink                    Tloc           N/A          6%          2    None


Dungeon Overview and Level Annotations

Branches:
Dungeon (3/15)

Altars:


Innate Abilities, Weirdness & Mutations

Your experience applies equally to all skills.
You have very sharp teeth.
Your uncanny sense of smell can sniff out nearby items.


Message History

Unknown command.
You hit the orc.
The orc is severely wounded.
The orc barely misses you.
The orc wizard hits you but does no damage.
You hit the orc.
You kill the orc!
The orc wizard barely misses you.
The orc wizard gestures at you while chanting.
You are confused.
You miss the orc wizard. Your bite misses the orc wizard.
The orc wizard is lightly wounded.
The orc wizard hits you with a +0 dagger.
* * * LOW HITPOINT WARNING * * *
Unknown command.
You're too confused to cast spells.
You're too confused to move!
The orc wizard barely misses you.
It was a potion of haste.
You feel yourself speed up.
The orc wizard hits you with a +0 dagger.
You die...

#. #.##
###..######.
#...........
#.........#
#...).....#
#..oo.....#
#...@)....#
#....†....#
#.......$.#
###########


You could see an orc wizard and an orc (confused).

Vanquished Creatures
  An adder (D:2)
  An ooze (D:1)
  2 leopard geckos
  2 orcs (D:3)
  4 giant cockroaches
  3 hobgoblins
  6 kobolds (D:1)
  2 ball pythons (D:1)
  7 bats
  A frilled lizard (D:1)
  5 goblins
  4 rats
38 creatures vanquished.

Notes
Turn   | Place    | Note
-------+----------+-------------------------------------------
     0 | D:1      | FishyPogo the Gnoll Wizard began the quest for the Orb.
     0 | D:1      | Reached XP level 1. HP: 13/13 MP: 8/8
   110 | D:1      | Reached XP level 2. HP: 15/19 MP: 0/10
   115 | D:1      | Learned a level 2 spell: Call Imp
   118 | D:1      | Learned a level 2 spell: Slow
   362 | D:1      | Reached XP level 3. HP: 23/25 MP: 5/11
   367 | D:1      | Learned a level 3 spell: Conjure Flame
   371 | D:1      | Learned a level 3 spell: Mephitic Cloud
   878 | D:2      | Reached skill level 1 in Invocations
  1606 | D:3      | Reached skill level 1 in Fighting
  1606 | D:3      | Reached skill level 1 in Short Blades
  1606 | D:3      | Reached skill level 1 in Long Blades
  1606 | D:3      | Reached skill level 1 in Axes
  1606 | D:3      | Reached skill level 1 in Maces & Flails
  1606 | D:3      | Reached skill level 1 in Polearms
  1606 | D:3      | Reached skill level 1 in Staves
  1606 | D:3      | Reached skill level 1 in Slings
  1606 | D:3      | Reached skill level 1 in Bows
  1606 | D:3      | Reached skill level 1 in Crossbows
  1606 | D:3      | Reached skill level 1 in Throwing
  1606 | D:3      | Reached skill level 1 in Armour
  1606 | D:3      | Reached skill level 1 in Shields
  1606 | D:3      | Reached skill level 1 in Unarmed Combat
  1606 | D:3      | Reached skill level 1 in Evocations
  1615 | D:3      | Slain by an orc wizard

Levels and vault maps discovered:
D:1:      zaba_arrival_water, layout_loops_ring
D:2:      layout_loops_corners
D:3:      layout_rooms, old_standard_altar, bloody_makhleb,
          chequers_ecumenical_altar_twisty

Skill      XL: |  1  2  3 |
---------------+----------+-----
Conjurations   | 2 |  2.1
Summonings     | 2 |  2.1
Translocations | 2 |  2.1
Invocations    | 1 |  1.0
Fighting       | 1 |  1.0
Short Blades   | 1 |  1.0
Long Blades    | 1 |  1.0
Axes           | 1 |  1.0
Maces & Flails | 1 |  1.0
Polearms       | 1 |  1.0
Staves         | 1 |  1.0
Slings         | 1 |  1.0
Bows           | 1 |  1.0
Crossbows      | 1 |  1.0
Throwing       | 1 |  1.0
Armour         | 1 |  1.0
Shields        | 1 |  1.0
Unarmed Combat | 1 |  1.0
Evocations     | 1 |  1.0
Dodging        | |  4.6
Stealth        | |  4.2
Spellcasting   | |  7.1
Hexes          | |  0.7
Charms         | |  0.7
Necromancy     | |  0.7
Transmutations | |  0.7
Fire Magic     | |  0.7
Ice Magic      | |  0.7
Air Magic      | |  0.7
Earth Magic    | |  0.7
Poison Magic   | |  0.7

Action                   || total
-------------------------++-------
Melee: Dagger            ||    15
       Unarmed           ||     4
       Bite              ||     4
       Mace              ||    12
 Cast: Magic Dart        ||    66
       Mephitic Cloud    ||     1
  Use: Potion            ||     1
  Eat: Chunk             ||     2
Armor: Robe              ||     6
Dodge: Dodged            ||    35
